 Dungeon Crawl Stone Soup version 0.22-a0-197-g4ac3794 (webtiles) character file.

55102 wazuzu the Champion of Chaos (level 14, -9/115 HPs)
             Began as a Demonspawn Gladiator on Feb 17, 2018.
             Was the Champion of Makhleb.
             Mangled by a dire elephant (23 damage)
             ... on level 6 of the Lair of Beasts.
             The game lasted 00:59:08 (21745 turns).

wazuzu the Champion of Chaos (DsGl)                Turns: 21745, Time: 00:59:09

Health: -9/115     AC: 11    Str: 18    XL:     14   Next: 37%
Magic:  0/25       EV: 22    Int: 10    God:    Makhleb [******]
Gold:   799        SH:  0    Dex: 21    Spells: 13/13 levels left

rFire    + . .     SeeInvis +     - Unarmed
rCold    . . .     Gourm    .   (no shield)
rNeg     . . .     Faith    .   k - +2 ring mail {MR+}
rPois    +         Spirit   +   (helmet unavailable)
rElec    .         Reflect  .   e - +1 cloak
rCorr    .         Harm     .   (no gloves)
MR       ++...                  (no boots)
Stlth    ++........             (no amulet)
HPRegen  0.29/turn              B - +5 ring of slaying
MPRegen  0.19/turn              O - ring of Xeppoga {rPois rF+ SInv}

@: agile
A: claws 1, horns 3, talons 1, foul stench 2, magic shield, rot immunity
a: Minor Destruction, Lesser Servant of Makhleb, Major Destruction, Greater
Servant of Makhleb, Renounce Religion


You were on level 6 of the Lair of Beasts.
You worshipped Makhleb.
Makhleb was exalted by your worship.
You were very hungry.

You visited 2 branches of the dungeon, and saw 17 of its levels.
You also visited: Sewer, Ossuary and Ice Cave.

You collected 1191 gold pieces.
You spent 392 gold pieces at shops.

Inventory:

Missiles
 d - 4 throwing nets (quivered)
Armour
 e - a +1 cloak (worn)
 k - a +2 ring mail of magic resistance (worn)
Jewellery
 B - a +5 ring of slaying (left claw)
 O - the ring of Xeppoga (right claw) {rPois rF+ SInv}
   (You found it on level 3 of the Lair of Beasts)

   [ring of see invisible]

   It protects you from fire.
   It protects you from poison.
   It lets you see invisible.
Wands
 c - a wand of clouds (4)
 u - a wand of flame (36)
 A - a wand of paralysis (20)
 E - a wand of scattershot (4)
 G - a wand of polymorph (33)
 H - a wand of disintegration (11)
 K - a wand of acid (4)
 P - a wand of digging (12)
Scrolls
 n - 2 scrolls of brand weapon
 p - 3 scrolls of fog
 r - 2 scrolls of identify
 s - 15 scrolls of remove curse
 t - 5 scrolls of teleportation
 y - 3 scrolls of enchant weapon
 D - 2 scrolls of blinking
 F - a scroll of silence
 J - 2 scrolls of fear
 L - a scroll of magic mapping
 M - 3 scrolls of amnesia
Potions
 a - 4 potions of agility
 i - 6 potions of flight
 j - 11 potions of curing
 l - 3 potions of magic
 m - 5 potions of brilliance
 o - 2 potions of invisibility
 q - 2 potions of haste
 w - 3 potions of ambrosia
 x - 3 potions of resistance
 C - 2 potions of cancellation
 I - 5 potions of mutation
 R - a potion of might
Books
 v - a book of Battle

   Spells                             Type                      Level
   a - Infusion                       Charms                       1
   b - Shroud of Golubria             Charms/Translocation         2
   c - Song of Slaying                Charms                       2
   d - Spectral Weapon                Hexes/Charms                 3
   e - Regeneration                   Charms/Necromancy            3
 z - a book of Summonings

   Spells                             Type                      Level
   a - Recall                         Summoning/Translocation      3
   b - Aura of Abjuration             Summoning                    5
   c - Summon Demon                   Summoning                    5
   d - Summon Forest                  Summoning/Translocation      5
   e - Summon Mana Viper              Hexes/Summoning              5
   f - Shadow Creatures               Summoning                    6
Miscellaneous
 g - a phantom mirror
Comestibles
 b - 6 chunks of flesh
 f - 35 rations


   Skills:
 - Level 12.0 Fighting
   Level 3.2 Axes
 - Level 1.7 Throwing
 - Level 8.0 Armour
 - Level 8.0 Dodging
 * Level 13.4 Unarmed Combat
 + Level 15.0 Invocations


You had 13 spell levels left.
You didn't know any spells.

Dungeon Overview and Level Annotations

Branches:
Dungeon (11/15)            Temple (0/1) D:5            Lair (6/6) D:9
 Shoals (0/4) Lair:3        Snake (0/4) Lair:4        Slime (0/5) Lair:5
    Orc (0/2) D:9

Altars:
Dithmenos
Elyvilon
Fedhas
Kikubaaqudgha
Makhleb
Qazlal
Ru
Sif Muna
Uskayaw
Vehumet
Wu Jian
Xom
Zin
Beogh

Shops:
D:10 [


Innate Abilities, Weirdness & Mutations

You have sharp fingernails.
You have a pair of large horns on your head.
You have sharp toenails.
You frequently emit foul miasma when damaged in melee.
When hurt, damage is shared between your health and your magic reserves.
You are immune to rotting.


Message History

The dire elephant is heavily wounded.
The dire elephant tramples you!!
You hold your ground!
You emit a cloud of foul miasma!
The dire elephant trunk-slaps you but does no damage.
The dire elephant tramples you!
* * * LOW HITPOINT WARNING * * *
You hold your ground!
The dire elephant trunk-slaps you but does no damage.
The dire elephant is engulfed in dark miasma.
The dire elephant is poisoned.
The dire elephant closely misses you.
The dire elephant trunk-slaps you but does no damage.
The dire elephant tramples you!!
* * * LOW HITPOINT WARNING * * *
You stumble backwards!
There is a large open door here.
There is an open door here.
You are feeling very hungry.
A demon appears!
The dire elephant tramples you!!
You die...

###### ####....## ##........#
♣.........### ### ♣8♣##.#..#...#
###.# ♣)♣ ###Y##''######### ##
##...# ♣♣ #3Y8#.Y..8##.≈≈##...
#.#..## #..@#.....†..≈≈≈'...
......# #.#.####.8#.≈≈≈≈'...
#.....# ######'#....####.≈≈≈≈#...
......# #P.....####....#≈≈≈≈.####
......# #......# ####.###≈.###8.
......# #..P...##♣♣♣##..P#####8.⌠
PP....##########♣....###.........
#......######♣♣.......♣########++
#.....÷..........................


You could see 2 dire elephants and a friendly smoke demon.

Vanquished Creatures
  Kirke (Lair:4)
  A frost giant (IceCv)
  A dire elephant (Lair:6)
  4 hydras
  Harold (D:11)
  An anaconda (Lair:6)
  5 two-headed ogres
  Urug (Lair:2)
  Pikel (D:7)
  An ugly thing (D:10)
  A manticore (D:11)
  Joseph (D:7)
  Maurice (D:11)
  13 elephants
  2 ice statues (IceCv)
  3 black mambas
  Psyche (D:8)
  A torpor snail (Lair:5)
  An eye of devastation (Lair:5)
  7 spiny frogs
  A rime drake (Lair:4)
  The ghost of mortelune the Chiller, a novice DsIE (D:5)
  7 komodo dragons
  A troll (D:9)
  15 polar bears
  8 blink frogs
  9 hippogriffs
  Grinder (Sewer)
  2 slime creatures (D:4)
  A human (D:7)
  5 basilisks
  5 wyverns
  50 yaks
  6 hogs
  3 nagas (Lair:4)
  19 water moccasins
  14 porcupines
  2 slaves (D:7)
  13 orc warriors
  3 sky beasts
  2 eyes of draining
  4 phantoms
  2 black bears
  3 ogres
  A necrophage (D:11)
  14 wolves
  4 centaurs
  13 crocodiles
  6 big kobolds
  10 bullfrogs
  2 wyvern zombies (Ossuary)
  8 scorpions
  A wyvern skeleton (D:11)
  6 wights
  An electric eel (Lair:2)
  22 killer bees
  3 howler monkeys
  6 crimson imps
  3 centaur zombies (Ossuary)
  A quasit (Sewer)
  A bullfrog zombie (Ossuary)
  5 hounds
  3 centaur skeletons
  3 jellies
  11 orc priests
  A bullfrog skeleton (D:10)
  2 iguanas
  5 orc wizards
  Jessica (D:2)
  Natasha (twice) (D:2)
  7 worker ants
  A killer bee zombie (Ossuary)
  3 big kobold zombies (Sewer)
  2 hound zombies
  4 hound skeletons
  10 mummies
  2 howler monkey zombies (Ossuary)
  Robin (D:2)
  8 worker ant zombies
  11 gnolls
  8 adders
  An ufetubus (Sewer)
  12 oozes
  2 adder zombies
  A worm (D:3)
  3 dart slugs
  5 leopard geckos
  50 orcs
  8 giant cockroaches
  14 goblins
  7 hobgoblins
  11 jackals
  37 kobolds
  3 quokkas
  2 ball pythons
  9 bats
  7 frilled lizards
  A giant cockroach zombie (Sewer)
  2 leopard gecko skeletons
  2 leopard gecko zombies (Ossuary)
  2 orc zombies (D:5)
  3 quokka zombies (Ossuary)
  8 rats
  4 plants
611 creatures vanquished.

Vanquished Creatures (collateral kills)
  A queen bee (Lair:2)
  9 killer bees (Lair:2)
10 creatures vanquished.

Vanquished Creatures (others)
  A human (Lair:6)
  A kobold zombie (Sewer)
  28 fungi
  21 plants
  9 toadstools (D:5)
  2 withered plants (Ossuary)
62 creatures vanquished.

Grand Total: 683 creatures vanquished

Notes
Turn   | Place    | Note
-------+----------+-------------------------------------------
     0 | D:1      | wazuzu the Demonspawn Gladiator began the quest for the Orb.
     0 | D:1      | Reached XP level 1. HP: 16/16 MP: 1/1
   189 | D:1      | Gained mutation: You have sharp fingernails. [demonic ancestry]
   189 | D:1      | Reached XP level 2. HP: 22/22 MP: 2/2
   365 | D:1      | Reached skill level 1 in Unarmed Combat
   724 | D:1      | Gained mutation: You are immune to rotting. [demonic ancestry]
   724 | D:1      | Reached XP level 3. HP: 27/27 MP: 3/3
   972 | D:2      | Noticed Robin
   999 | D:2      | Killed Robin
   999 | D:2      | Reached XP level 4. HP: 6/33 MP: 4/4
  1333 | D:2      | Noticed Natasha
  1339 | D:2      | Killed Natasha
  1442 | D:2      | Noticed Jessica
  1452 | D:2      | Killed Jessica
  1694 | D:2      | Noticed Natasha
  1718 | D:2      | Killed Natasha
  1718 | D:2      | Reached XP level 5. HP: 4/38 MP: 5/5
  2050 | D:3      | Noticed a phantom
  2084 | D:3      | Killed a phantom
  2305 | D:3      | Reached skill level 5 in Unarmed Combat
  2317 | D:3      | Gained mutation: You may emit foul miasma when damaged in melee. [demonic ancestry]
  2317 | D:3      | Reached XP level 6. HP: 13/44 MP: 6/6
  2356 | D:3      | Found a glowing drain.
  2380 | Sewer    | Entered a sewer
  2880 | Sewer    | Found a burning altar of Makhleb.
  2895 | Sewer    | Became a worshipper of Makhleb the Destroyer
  3002 | Sewer    | Noticed Grinder
  3008 | Sewer    | Paralysed by Grinder for 7 turns
  3028 | Sewer    | Killed Grinder
  3028 | Sewer    | Gained mutation: You have a pair of small horns on your head. [demonic ancestry]
  3028 | Sewer    | Reached XP level 7. HP: 15/50 MP: 7/7
  3639 | D:3      | Found a hide-covered altar of Uskayaw.
  3874 | D:4      | Reached * piety under Makhleb
  4443 | D:5      | Entered Level 5 of the Dungeon
  4500 | D:5      | Found a sand-covered staircase.
  4506 | Ossuary  | Entered an ossuary
  4654 | Ossuary  | Gained mutation: You have a pair of horns on your head. [demonic ancestry]
  4654 | Ossuary  | Reached XP level 8. HP: 36/56 MP: 8/8
  4865 | Ossuary  | Reached ** piety under Makhleb
  5251 | D:5      | Found a shadowy altar of Dithmenos.
  5440 | D:5      | Noticed mortelune's ghost (novice DsIE)
  5458 | D:5      | Killed mortelune's ghost
  5458 | D:5      | Reached skill level 10 in Unarmed Combat
  5802 | D:5      | Found a staircase to the Ecumenical Temple.
  5882 | D:5      | Gained mutation: You frequently emit foul miasma when damaged in melee. [demonic ancestry]
  5882 | D:5      | Reached XP level 9. HP: 56/61 MP: 9/9
  5991 | D:4      | HP: 2/61 [slime creature (16)]
  6516 | D:4      | Killed a large slime creature
  6887 | D:6      | Reached skill level 1 in Invocations
  6931 | D:6      | Reached *** piety under Makhleb
  6933 | D:6      | Reached skill level 1 in Armour
  6984 | D:6      | Reached skill level 2 in Invocations
  7260 | D:6      | Reached skill level 3 in Invocations
  7323 | D:6      | Found a shimmering altar of Xom.
  7323 | D:6      | Found a white marble altar of Elyvilon.
  7458 | D:7      | Noticed Joseph
  7466 | D:7      | Killed Joseph
  7538 | D:7      | Reached skill level 4 in Invocations
  7543 | D:7      | Gained mutation: When hurt, damage is shared between your health and your magic reserves. [demonic ancestry]
  7543 | D:7      | Reached XP level 10. HP: 68/71 MP: 11/13
  7614 | D:7      | Noticed Pikel
  7638 | D:7      | Killed Pikel
  7638 | D:7      | Reached skill level 5 in Invocations
  7901 | D:7      | Found a transporter.
  8376 | D:7      | Found a roughly hewn altar of Beogh.
  8409 | D:7      | Reached **** piety under Makhleb
  8483 | D:7      | Found a transporter.
  8587 | D:8      | Noticed a two-headed ogre
  8589 | D:8      | Noticed a two-headed ogre
  8597 | D:8      | Killed a two-headed ogre
  8597 | D:8      | Reached skill level 5 in Fighting
  8597 | D:8      | Reached skill level 5 in Dodging
  8597 | D:8      | Reached skill level 6 in Invocations
  8608 | D:8      | Killed a two-headed ogre
  8956 | D:8      | Found a burning altar of Makhleb.
  8956 | D:8      | Found a radiant altar of Vehumet.
  9029 | D:8      | Found a blossoming altar of Fedhas.
  9219 | D:8      | Found a stormy altar of Qazlal.
  9269 | D:8      | Reached skill level 7 in Invocations
  9352 | D:8      | Found a sacrificial altar of Ru.
  9353 | D:8      | Found an ornate altar of the Wu Jian Council.
  9354 | D:8      | Found a glowing silver altar of Zin.
  9356 | D:8      | Found a deep blue altar of Sif Muna.
  9836 | D:9      | Found an ancient bone altar of Kikubaaqudgha.
  9850 | D:9      | Reached skill level 5 in Armour
  9850 | D:9      | Gained mutation: You have a pair of large horns on your head. [demonic ancestry]
  9850 | D:9      | Reached XP level 11. HP: 77/81 MP: 12/16
  9910 | D:9      | Noticed a two-headed ogre
  9933 | D:9      | Noticed Psyche
  9965 | D:8      | Killed Psyche
 10267 | D:8      | You fall through a shaft!
 10364 | D:9      | Found a staircase to the Lair.
 10431 | D:9      | Reached ***** piety under Makhleb
 10661 | D:9      | Killed a two-headed ogre
 10661 | D:9      | Reached skill level 8 in Invocations
 10875 | D:9      | Found a roughly hewn altar of Beogh.
 10878 | D:9      | Found a staircase to the Orcish Mines.
 11447 | D:10     | Entered Level 10 of the Dungeon
 11567 | D:10     | Found Utaicysk's Antique Armour Shoppe.
 11644 | D:10     | Found a runed door.
 11647 | D:10     | Noticed a two-headed ogre
 11669 | D:10     | Killed a two-headed ogre
 11838 | D:10     | Noticed a two-headed ogre
 11847 | D:10     | Killed a two-headed ogre
 11847 | D:10     | Reached skill level 9 in Invocations
 12121 | D:10     | Noticed a green ugly thing
 12134 | D:10     | Killed a green ugly thing
 12549 | D:11     | Noticed Harold
 12561 | D:11     | Killed Harold
 12561 | D:11     | Reached XP level 12. HP: 75/92 MP: 11/19
 12874 | D:11     | Noticed Maurice
 12897 | D:11     | Killed Maurice
 12897 | D:11     | Reached skill level 10 in Invocations
 13336 | Lair:1   | Entered Level 1 of the Lair of Beasts
 13623 | Lair:1   | Reached ****** piety under Makhleb
 15253 | Lair:2   | Noticed Urug
 15277 | Lair:2   | Reached skill level 11 in Invocations
 15310 | Lair:2   | Killed Urug
 16468 | Lair:3   | Found a staircase to the Shoals.
 16810 | Lair:3   | Reached skill level 12 in Invocations
 16819 | Lair:3   | Got a scorched brass ring
 16821 | Lair:3   | Identified the ring of Xeppoga {rPois rF+ SInv} (You found it on level 3 of the Lair of Beasts)
 17379 | Lair:4   | Gained mutation: You have sharp toenails. [demonic ancestry]
 17379 | Lair:4   | Reached XP level 13. HP: 103/103 MP: 19/22
 17426 | Lair:4   | Reached skill level 10 in Fighting
 17491 | Lair:4   | Found a staircase to the Snake Pit.
 17519 | Lair:4   | Noticed Kirke
 17527 | Lair:4   | Killed Kirke
 18033 | Lair:5   | Reached skill level 13 in Invocations
 18059 | Lair:5   | Identified a scroll of acquirement
 18060 | Lair:5   | Found the +0 pair of fencer's gloves {+Riposte Dex+3}
 18069 | Lair:5   | Found a frozen archway.
 18079 | IceCv    | Entered an ice cave
 18563 | IceCv    | Noticed a frost giant
 18579 | IceCv    | Killed a frost giant
 19159 | Lair:5   | Reached skill level 14 in Invocations
 19214 | Lair:5   | Found a staircase to the Slime Pits.
 19726 | D:10     | Bought a glowing ring mail for 196 gold pieces
 19726 | D:10     | Bought a slimy leather armour for 196 gold pieces
 19726 | D:10     | Identified the +4 leather armour of Shadows and Fog {Str+3 Int-3 Stlth+} (You bought it in a shop on level 10 of the Dungeon)
 20336 | Lair:6   | Entered Level 6 of the Lair of Beasts
 20432 | Lair:6   | Reached XP level 14. HP: 93/113 MP: 17/24
 21702 | Lair:6   | Reached skill level 15 in Invocations
 21712 | Lair:6   | Found the +2 hat of the Bear Spirit {Spirit, +Rage rN+ MR++}
 21745 | Lair:6   | Mangled by a dire elephant

Vault maps used:
D:1:      minmay_arrival_stone_box
D:2:      uniq_natasha, uniq_robin, uniq_jessica
D:3:      nicolae_overflow_crystal_walls, first_ration,
          cheibrodos_sewer_entry_drain
D:4:      minmay_door_path
D:5:      cheibrodos_fertilizer, minmay_temple_entry_from_below_a,
          nicolae_ossuary_entry_giza, nicolae_dithmenos_the_darkroom
D:6:      gammafunk_temple_overflow_statue
D:7:      gammafunk_beogh_shrine, grunt_livestock, uniq_pikel, uniq_joseph
D:8:      grunt_temple_overflow_lords_of_destruction, minitemple, basic_altar
D:9:      overflow_temple_1_default, due_lair_maze_entry_diamond, david_orc_5,
          st_stairs_8, kennysheep_doodads, uniq_psyche
D:10:     serial_shops, shop, enter_bailey_7, minmay_st_funbox
D:11:     uniq_maurice, uniq_harold
Lair:1:   minmay_stone_trees_small
Lair:2:   serial_bayou_lake_a, grunt_megastairs_1, uniq_urug
Lair:3:   shoals_dummy_entry, nicolae_quartered_pool_medium
Lair:4:   guppyfry_snake_entry_island, uniq_kirke
Lair:5:   minmay_slime_entry_eyes, portal_ice_cave_entry_pillars_1
Lair:6:   due_jungle_book
Sewer:    kennysheep_sewer_church
Ossuary:  ossuary_zaba_flooded
IceCv:    ice_cave_small_giant

Skill      XL: |  1  2  3  4  5  6  7  8  9 10 11 12 13 14 |
---------------+-------------------------------------------+-----
Axes           | 3 |  3.2
Unarmed Combat | 1 2 4 5 6 8 10 11 12 13 | 13.4
Invocations    | 4 7 9 12 14 15 | 15.0
Dodging        | 4 5 7 8 |  8.0
Armour         | 2 5 6 8 |  8.0
Fighting       | 3 5 7 9 11 12 | 12.0
Throwing       | |  1.7

Action                   |  1- 3 |  4- 6 |  7- 9 | 10-12 | 13-15 || total
-------------------------+-------+-------+-------+-------+-------++-------
Melee: War axe           |   127 |     9 |       |       |       ||   136
       Punch             |     1 |     6 |    17 |    54 |    46 ||   124
       Unarmed           |       |   200 |   403 |   846 |   462 ||  1911
       Headbutt          |       |       |    84 |   203 |   121 ||   408
       Kick              |       |       |       |       |   195 ||   195
Invok: Minor Destruction |       |       |       |    25 |       ||    25
       Lesser Servant of |       |       |       |     1 |     4 ||     5
  Use: Potion            |     2 |       |     7 |     7 |     6 ||    22
       Scroll            |       |     5 |    14 |    15 |     6 ||    40
  Eat: Chunk             |       |     7 |     5 |    21 |    10 ||    43
       Ration            |       |       |     3 |     3 |     1 ||     7
Armor: Leather armour    |     7 |       |       |       |       ||     7
       Ring mail         |    57 |    71 |    88 |   170 |   138 ||   524
       Skin              |       |       |       |    45 |       ||    45
Dodge: Dodged            |   108 |   119 |   194 |   575 |   379 ||  1375

Table legend:
 A = Spawn XP
 B = Non-spawn XP
 C = Spawn XP percentage of total XP
 D = Spawn monster count
 E = Non-spawn monster count
 F = Spawn count percentage of total count
 G = Total turns spent on level
                    A         B        C        D         E        F      G
               +---------+---------+-------+---------+---------+-------+---------
         Total |       0 |   78718 |   0.0 |       0 |     615 |   0.0 | 21745
               +---------+---------+-------+---------+---------+-------+---------
           D:1 |       0 |      51 |   0.0 |       0 |      23 |   0.0 |   825
           D:2 |       0 |     165 |   0.0 |       0 |      28 |   0.0 |  1211
           D:3 |       0 |     280 |   0.0 |       0 |      31 |   0.0 |   890
           D:4 |       0 |     955 |   0.0 |       0 |      15 |   0.0 |  1066
           D:5 |       0 |    1046 |   0.0 |       0 |      31 |   0.0 |  1053
           D:6 |       0 |     903 |   0.0 |       0 |      25 |   0.0 |   547
           D:7 |       0 |    2971 |   0.0 |       0 |      30 |   0.0 |  1125
           D:8 |       0 |    2910 |   0.0 |       0 |      15 |   0.0 |  1168
           D:9 |       0 |    4359 |   0.0 |       0 |      64 |   0.0 |  1878
          D:10 |       0 |    4657 |   0.0 |       0 |      46 |   0.0 |   874
          D:11 |       0 |    4163 |   0.0 |       0 |      23 |   0.0 |  1017
        Lair:1 |       0 |    3750 |   0.0 |       0 |      16 |   0.0 |  1829
        Lair:2 |       0 |    7473 |   0.0 |       0 |      51 |   0.0 |  1332
        Lair:3 |       0 |    1245 |   0.0 |       0 |       7 |   0.0 |   876
        Lair:4 |       0 |   10172 |   0.0 |       0 |      35 |   0.0 |   787
        Lair:5 |       0 |    6853 |   0.0 |       0 |      26 |   0.0 |  1037
        Lair:6 |       0 |   16185 |   0.0 |       0 |      51 |   0.0 |  1364
         Sewer |       0 |     551 |   0.0 |       0 |      32 |   0.0 |  1167
       Ossuary |       0 |     810 |   0.0 |       0 |      30 |   0.0 |   639
         IceCv |       0 |    9219 |   0.0 |       0 |      36 |   0.0 |  1060
               +---------+---------+-------+---------+---------+-------+---------
